 Dungeon Crawl Stone Soup version 0.28-a0-653-g7e9dba17c3 (webtiles) character file.

Game seed: 5637742102293053384

4 flotson the Sneak (level 1, -1/18 HPs)
             Began as a Demonspawn Delver on Oct 11, 2021.
             Slain by an adder (3 damage)
             ... on level 3 of the Dungeon.
             The game lasted 00:00:52 (163 turns).

flotson the Sneak (Demonspawn Delver)                Turns: 163, Time: 00:00:53

Health: -1/18      AC:  6    Str: 12    XL:     1   Next: 58%
Magic:  1/1        EV:  9    Int: 11    God:
Gold:   0          SH:  0    Dex: 14    Spells: 0/0 levels left

rFire   . . .      SeeInvis .   b - +0 halberd
rCold   . . .      Faith    .   (shield currently unavailable)
rNeg    . . .      Spirit   .   i - +0 scale mail
rPois   .          Reflect  .   (no helmet)
rElec   .          Harm     .   (no cloak)
rCorr   .          Rampage  .   (no gloves)
Will    .....                   (no boots)
Stlth   +.........              (no amulet)
HPRegen 0.06/turn               (no ring)
MPRegen 0.07/turn               (no ring)

@: no status effects
A: no striking features
a: no special abilities


You were on level 3 of the Dungeon.
You visited 1 branch of the dungeon, and saw 3 of its levels.

Inventory:

Hand Weapons
 a - a +0 hand axe
 b - a +0 halberd (weapon)
Missiles
 d - 2 poisoned darts (quivered)
Armour
 i - a +0 scale mail (worn)
Jewellery
 e - a ring of ice
Wands
 g - a wand of digging (3)
Scrolls
 c - a scroll of fog
Potions
 h - a potion of attraction {unknown}


   Skills:
 + Level 3.0 Fighting
 + Level 1.9 Axes
 + Level 0.1 Throwing
 + Level 0.2 Armour
 + Level 1.9 Dodging
 - Level 4.5 Stealth


You couldn't memorise any spells.
You didn't know any spells.
Your spell library was empty.

Dungeon Overview and Level Annotations

Branches:
Dungeon (5/15)
 Temple: D:4-7

Altars:


Message History

a +0 dagger; 2 poisoned darts
d - 2 poisoned darts You feel yourself slow down.
You closely miss the orc.
An adder comes into view.
The orc hits you with a +0 dagger.
You barely miss the orc. The orc closely misses you.
You barely miss the orc. The orc hits you with a +0 dagger. x2
The adder hisses angrily.
You slash the orc!
You kill the orc!
You reach to attack!
You closely miss the adder. The adder bites you but does no damage.
You closely miss the adder. The adder bites you.
You are poisoned.
The adder poisons you!
You are too injured to fight recklessly!
You are too injured to fight recklessly!
You are too injured to fight recklessly!
You are too injured to fight recklessly!
You are too injured to fight recklessly!
You are too injured to fight recklessly!
You puncture the adder!
The adder is almost dead.
* * * LOW HITPOINT WARNING * * *
You feel sick.
The adder bites you but does no damage. x2
You miss the adder.
The adder is severely wounded.
* * * LOW HITPOINT WARNING * * *
You feel sick.
The adder bites you but does no damage. x2
You barely miss the adder.
The adder is severely wounded.
You feel sick. The adder barely misses you.
The adder bites you but does no damage.
You closely miss the adder.
The adder is severely wounded.
You feel sick.
You are no longer poisoned.
The adder closely misses you. The adder bites you.
You die...

## #. ..# # #.
...# #.#. ...#
.###.#.####...##
.......)@S......
####.#.........#
#......##.##
#...........
#....####..
#.....# .
####.#..#..#
.......>#..#
###........#


You could see an adder.

Vanquished Creatures
  An orc (D:3)
  A kobold (D:3)
  A quokka (D:3)
3 creatures vanquished.

Vanquished Creatures (others)
  A plant (D:4)
1 creature vanquished.

Grand Total: 4 creatures vanquished

Notes
Turn   | Place    | Note
-------+----------+-------------------------------------------
     0 | D:5      | flotson the Demonspawn Delver began the quest for the Orb.
     0 | D:5      | Reached XP level 1. HP: 18/18 MP: 1/1
    70 | D:5      | Noticed a hound
   109 | D:4      | Noticed a scorpion
   163 | D:3      | Slain by an adder

Illustrated notes

Levels and vault maps discovered:
D:3:      layout_basic, hangedman_decor_lopped
D:4:      layout_loops_corners, yredelemnul_forgotten_temple_becter,
          serial_bayou_pond_b, uniq_robin
D:5:      layout_loops_ring, nicolae_hepliaklqana_ecumenical_no_more,
          serial_bayou_pond_d, roderic_roman_lattice

Action                   || total
-------------------------++-------
Melee: Halberd           ||    13
  Use: Scroll            ||     2
       Potion            ||     1
Armor: Scale mail        ||     6
Dodge: Dodged            ||     3

Table legend: (Time is in decaauts)
 A = Elapsed time spent in this place.
 B = Non-inter-level travel time spent in this place.
 C = Inter-level travel time spent in this place.
 D = Time resting spent in this place.
 E = Time spent auto-exploring this place.
 F = Levels seen in this place.
 G = Mean time per level.
                   A        B        C        D        E       F      G
               +--------+--------+--------+--------+--------+-----+--------+
         Total |    153 |    153 |      0 |      0 |     69 |   3 |   51.0 |
       Dungeon |    153 |    153 |      0 |      0 |     69 |   3 |   51.0 |
               +--------+--------+--------+--------+--------+-----+--------+

Top non-repeatable levels by time:
     D:5: 75 daAuts
     D:4: 53 daAuts
     D:3: 24 daAuts
